 Dungeon Crawl Stone Soup version 0.31.0-11-ge490571c62 (webtiles) character file.

Game seed: 1828473932502713281

20730 Curundu the Protected (level 12, -28/162 HPs)
             Began as a Minotaur Berserker on Feb 8, 2024.
             Was an Elder of Trog.
             Killed from afar by Roxanne (55 damage)
             ... with a bolt of magma
             ... on level 14 of the Dungeon.
             The game lasted 00:43:50 (12076 turns).

Curundu the Protected (Minotaur Berserker)         Turns: 12076, Time: 00:43:50

Health: -28/162    AC: 23    Str: 28    XL:     12   Next: 47%
Magic:  11/11      EV: 11    Int:  4    God:    Trog [****..]
Gold:   864        SH:  9    Dex: 14    Spells: 11/11 levels left

rFire   x . .        c - +11 mace of Virtue {vamp, SInv}
rCold   + . .        u - +3 buckler "Rotushrit" {rPois rF- Dex+5 Slay+3 Stlth-}
rNeg    . . .        e - +2 plate armour {rC+}
rPois   +            (helmet restricted)
rElec   .            n - +0 cloak
rCorr   .            (no gloves)
SInv    +            (no boots)
Will    ++...        (no amulet) Stlth
                     l - +4 ring of slaying
HPRegen 1.47/turn    G - +4 ring of protection
MPRegen 0.12/turn

%: no passive effects
@: berserking, strong-willed, regenerating, studying Armour, very quick
A: horns 2, retaliatory headbutt
a: Renounce Religion, Berserk, Trog's Hand, Brothers in Arms


You were on level 14 of the Dungeon.
You worshipped Trog.
Trog was greatly pleased with you.
You visited 1 branch of the dungeon, and saw 14 of its levels.
You also visited: Bailey.

You collected 864 gold pieces.

Inventory:

Hand Weapons
 c - the +11 mace of Virtue (weapon) {vamp, SInv}
   (You found it on level 4 of the Dungeon)

   SInv:      It lets you see invisible.
 m - a +1 broad axe of flaming
Missiles
 d - 8 boomerangs (quivered)
 r - 3 javelins
Armour
 e - a +2 plate armour of cold resistance (worn)
 h - a scarf of resistance
 n - a +0 cloak (worn)
 u - the +3 buckler "Rotushrit" (worn) {rPois rF- Dex+5 Slay+3 Stlth-}
   (You acquired it on level 12 of the Dungeon)

   Dex+5:     It affects your dexterity (+5).
   Slay+3:    It affects your accuracy & damage with ranged weapons and melee
   (+3).
   rF-:       It makes you vulnerable to fire.
   rPois:     It protects you from poison Stlth-: It makes you less stealthy.
Jewellery
 b - a +5 ring of evasion
 g - a ring of resist corrosion
 l - a +4 ring of slaying (left hand)
 G - a +4 ring of protection (right hand)
Wands
 p - a wand of polymorph (5)
 t - a wand of flame (15)
 y - a wand of roots (7)
 E - a wand of mindburst (3)
 H - a wand of quicksilver (5)
Scrolls
 a - 6 scrolls of teleportation
 i - a scroll of immolation
 x - 2 scrolls of revelation
 C - a scroll of poison
 I - a scroll of noise
 K - a scroll of fog
Potions
 f - 3 potions of might
 j - 2 potions of brilliance
 k - 2 potions of mutation
 o - 4 potions of curing
 q - a potion of lignification
 s - a potion of resistance
 v - 4 potions of heal wounds
 w - a potion of attraction {unknown}
 z - a potion of cancellation {unknown}
 F - 3 potions of haste
 L - a potion of degeneration {unknown}


   Skills:
 + Level 10.9 Fighting
 * Level 11.7(12.5) Axes
 - Level 7.0(10.3) Maces & Flails
 + Level 13.5 Armour
 * Level 7.4 Dodging
 - Level 1.3 Stealth
 * Level 8.3 Shields
 * Level 6.0 Evocations


You had 11 spell levels left.
You didn't know any spells.
Your spell library was empty.

Dungeon Overview and Level Annotations

Branches:
Dungeon (14/15)            Temple (0/1) D:7            Lair (0/5) D:11
    Orc (0/2) D:11         Bailey (visited)
 Vaults: D:13-14

Altars:
Cheibriados
Dithmenos
Gozag
Hepliaklqana
Nemelex Xobeh
Qazlal
Ru
Trog
Uskayaw
Vehumet
Yredelemnul
The Shining One

Shops:
D:6 (   D:7 *   D:11 *

Annotations:
D:7 2 transporters, Faeranduil's ghost, novice OpAl
D:14 Roxanne


Innate Abilities, Weirdness & Mutations

You have a pair of horns on your head.
You reflexively headbutt those who attack you in melee.


Message History

The crystal spear hits you!
You bludgeon Roxanne!! You headbutt Roxanne, but do no damage.
Roxanne is moderately damaged.
Roxanne mumbles some strange words.
The bolt of magma misses you.
Your skin crawls.
You feel strong-willed.
You sock Roxanne! You headbutt Roxanne, but do no damage.
Roxanne is moderately damaged.
You hit Roxanne but do no damage.
Roxanne is moderately damaged.
Roxanne says, "Come nearer, honey, I don't have a heart of stone."
Roxanne mumbles some strange words.
You blink.
Roxanne mumbles some strange words.
The iron shot hits you!!!
Roxanne mumbles some strange words.
The bolt of magma hits you!! The lava burns you terribly!
* * * LOW HITPOINT WARNING * * *
You hit Roxanne. You headbutt Roxanne, but do no damage.
Roxanne is moderately damaged.
You hit Roxanne. You headbutt Roxanne!
Roxanne is moderately damaged.
You sock Roxanne! You headbutt Roxanne.
Roxanne is heavily damaged.
A red film seems to cover your vision as you go berserk!
You feel yourself moving faster!
You feel mighty! Trog will no longer gift you weapons.
Roxanne casts a spell.
The bolt of magma hits you!! The lava burns you terribly!
* * * LOW HITPOINT WARNING * * *
You bludgeon Roxanne!! You headbutt Roxanne, but do no damage.
Roxanne is heavily damaged.
You sock Roxanne! You headbutt Roxanne!
Roxanne is severely damaged.
You hit Roxanne but do no damage. You headbutt Roxanne!
Roxanne is almost destroyed.
Roxanne mumbles some strange words.
The bolt of magma hits you!!! The lava burns you terribly!
You die...

#############
#...........#
#...........#
##..<......<.#
#(............
#..........$.#
#..8@....>...#
##...#########
###.. ####


You could see Roxanne.

Vanquished Creatures
  Jorgrun (D:13)
  4 two-headed ogres
  2 boulder beetles (D:12)
  A tengu warrior (D:13)
  An orc knight (D:11)
  A deep elf pyromancer (D:13)
  2 ugly things (D:12)
  Joseph (D:8)
  5 gargoyles
  Maggie (D:9)
  2 efreet (D:13)
  A tengu conjurer (D:13)
  4 trolls
  A wolf spider simulacrum (D:10)
  A raiju (shapeshifter) (D:13)
  A hornet (D:7)
  Grinder (D:3)
  Sigmund (D:3)
  A vampire (D:12)
  A shadow (D:10)
  A wyvern (D:7)
  2 wraiths
  Grum (D:10)
  15 yaks
  6 vampire mosquitoes
  3 steam dragons
  2 acid dragons
  Duvessa (D:4)
  A water moccasin (D:6)
  2 ice beasts (D:7)
  6 orc warriors
  3 black bears
  A sky beast (D:8)
  2 centaurs
  2 ogres
  2 wolves (D:10)
  A weeping skull (D:10)
  6 kobold brigands
  A bullfrog (D:8)
  3 scorpions
  2 gnoll sergeants
  5 wights (D:6)
  Dowan (D:4)
  4 killer bees (D:11)
  4 howler monkeys
  6 lava snakes
  Crazy Yiuf (D:4)
  A bombardier beetle (D:5)
  3 hounds
  2 jellies
  6 orc priests
  2 sleepcaps
  3 iguanas
  Natasha (twice) (D:3)
  14 orc wizards
  Robin (D:3)
  9 adders
  8 gnolls
  A shadow imp (D:6)
  A white imp (D:7)
  6 dart slugs
  A ribbon worm (D:4)
  62 orcs
  7 ball pythons
  4 endoplasms
  5 giant cockroaches
  16 goblins
  6 hobgoblins
  3 jackals (D:3)
  3 quokkas
  2 bats
  4 frilled lizards
  34 kobolds
  4 rats
  A spectral orc (D:10)
328 creatures vanquished.

Notes
Turn   | Place    | Note
-------+----------+-------------------------------------------
     0 | D:1      | Curundu the Minotaur Berserker began the quest for the Orb.
     0 | D:1      | Reached XP level 1. HP: 19/19 MP: 0/0
   265 | D:1      | Reached XP level 2. HP: 22/27 MP: 1/1
   987 | D:1      | Reached XP level 3. HP: 33/33 MP: 2/2
  1123 | D:2      | Reached ** piety under Trog
  1702 | D:3      | Noticed Sigmund
  1715 | D:3      | Killed Sigmund
  1716 | D:3      | Reached skill level 5 in Fighting
  1716 | D:3      | Reached skill level 5 in Axes
  1716 | D:3      | Reached skill level 3 in Armour
  1716 | D:3      | Reached XP level 4. HP: 38/42 MP: 3/3
  1716 | D:3      | Reached XP level 5. HP: 43/48 MP: 4/4
  1813 | D:3      | Noticed Natasha
  1819 | D:3      | Killed Natasha
  1820 | D:3      | Reached XP level 6. HP: 46/56 MP: 5/5
  1844 | D:3      | Noticed Robin
  1851 | D:3      | Reached skill level 4 in Armour
  1856 | D:3      | Killed Robin
  1960 | D:3      | Noticed Grinder
  1977 | D:3      | Killed Grinder
  2076 | D:3      | Noticed Natasha
  2085 | D:3      | Killed Natasha
  2086 | D:3      | Reached skill level 5 in Armour
  2086 | D:3      | Reached XP level 7. HP: 26/61 MP: 6/6
  2708 | D:4      | Found a runed translucent door.
  2709 | D:4      | Noticed Crazy Yiuf
  2715 | D:4      | Killed Crazy Yiuf
  2753 | D:4      | Found a stormy altar of Qazlal.
  2879 | D:4      | Noticed Dowan
  2884 | D:4      | Noticed Duvessa
  2891 | D:4      | Killed Dowan
  2896 | D:4      | Killed Duvessa
  3002 | D:4      | Identified the +11 mace of Virtue {vamp, SInv}
  3496 | D:5      | Entered Level 5 of the Dungeon
  3626 | D:5      | Reached XP level 8. HP: 70/70 MP: 7/7
  3632 | D:5      | Found a sacrificial altar of Ru.
  3634 | D:5      | Found a snail-covered altar of Cheibriados.
  3637 | D:5      | Reached skill level 1 in Maces & Flails
  3656 | D:5      | Reached *** piety under Trog
  3717 | D:5      | Found a sparkling altar of Nemelex Xobeh.
  3920 | D:5      | Reached skill level 6 in Armour
  4242 | D:6      | Found a hazy altar of Hepliaklqana.
  4486 | D:6      | Reached skill level 1 in Stealth
  4519 | D:6      | Reached skill level 5 in Dodging
  4526 | D:6      | Found Xalan's Weapon Boutique.
  4535 | D:6      | Reached **** piety under Trog
  4681 | D:6      | Reached XP level 9. HP: 79/79 MP: 8/8
  4705 | D:6      | Reached skill level 5 in Maces & Flails
  4747 | D:6      | Found a bloodstained altar of Trog.
  5261 | D:7      | Reached skill level 7 in Armour
  5391 | D:7      | Found an opulent altar of Gozag.
  5653 | D:7      | Found Vaem's Elemental Accessories.
  5804 | D:7      | Found a staircase to the Ecumenical Temple.
  5841 | D:7      | Noticed Faeranduil's ghost (novice OpAl)
  5859 | D:7      | Found a transporter.
  5862 | D:7      | Found the ring of Shadows {Umbra +Inv Stlth+}
  5867 | D:7      | Noticed a moth of wrath
  5883 | D:7      | Found a transporter.
  5965 | D:7      | Found a radiant altar of Vehumet.
  6283 | D:8      | Reached skill level 1 in Shields
  6326 | D:8      | Reached skill level 1 in Evocations
  6399 | D:8      | Reached skill level 8 in Armour
  6440 | D:8      | Noticed Joseph
  6456 | D:8      | Killed Joseph
  6457 | D:8      | Reached XP level 10. HP: 80/88 MP: 9/9
  6699 | D:8      | Noticed a two-headed ogre
  6706 | D:8      | Killed a two-headed ogre
  7267 | D:9      | Reached skill level 10 in Axes
  7293 | D:9      | Found a flagged portal.
  7301 | D:9      | Identified the +7 spear of Piuwal {pain, Dex+3}
  7354 | D:9      | Reached ***** piety under Trog
  7355 | D:9      | Reached skill level 9 in Armour
  7501 | D:9      | Noticed Maggie
  7512 | D:9      | Killed Maggie
  7688 | Bailey   | Entered a bailey
  7979 | D:10     | Entered Level 10 of the Dungeon
  8006 | D:10     | Found a shadowy altar of Dithmenos.
  8124 | D:10     | Found a basalt altar of Yredelemnul.
  8233 | D:10     | Reached skill level 10 in Armour
  8322 | D:10     | Noticed Grum
  8334 | D:10     | Killed Grum
  8399 | D:10     | Reached skill level 5 in Shields
  8510 | D:10     | Reached XP level 11. HP: 95/95 MP: 10/10
  8522 | D:10     | Found a glowing golden altar of the Shining One.
  8596 | D:10     | Found a hide-covered altar of Uskayaw.
  9440 | D:11     | Found a staircase to the Lair.
  9483 | D:11     | Found Lyplaem's Assorted Antiques.
  9613 | D:11     | Noticed a two-headed ogre
  9613 | D:11     | Noticed a two-headed ogre
  9620 | D:11     | Killed a two-headed ogre
  9624 | D:11     | Killed a two-headed ogre
  9638 | D:11     | Reached skill level 11 in Armour
  9814 | D:11     | Reached skill level 5 in Evocations
  9943 | D:11     | Noticed an orc knight
  9952 | D:11     | Killed an orc knight
  9978 | D:11     | Found a staircase to the Orcish Mines.
 10041 | D:12     | Noticed a white ugly thing
 10053 | D:12     | Killed a white ugly thing
 10092 | D:12     | Identified 2 scrolls of acquirement
 10092 | D:12     | Acquired the +3 buckler "Rotushrit" {rPois rF- Dex+5 Slay+3
                  | Stlth-}
 10105 | D:12     | Acquired a manual of Armour
 10202 | D:12     | Reached skill level 10 in Fighting
 10202 | D:12     | Reached skill level 12 in Armour
 10445 | D:12     | Noticed a white ugly thing
 10446 | D:12     | Noticed a boulder beetle
 10446 | D:12     | Noticed a boulder beetle
 10460 | D:12     | Killed a white ugly thing
 10470 | D:12     | Killed a boulder beetle
 10471 | D:12     | Reached XP level 12. HP: 62/106 MP: 11/11
 10479 | D:12     | Killed a boulder beetle
 10554 | D:12     | Noticed a two-headed ogre
 10560 | D:12     | Killed a two-headed ogre
 11242 | D:13     | Reached skill level 13 in Armour
 11292 | D:13     | Noticed Jorgrun
 11311 | D:13     | Killed Jorgrun
 11645 | D:13     | Noticed a tengu warrior
 11655 | D:13     | Killed a tengu warrior
 12058 | D:14     | Noticed Roxanne
 12076 | D:14     | Killed from afar by Roxanne

Illustrated notes

Levels and vault maps discovered:
D:1:      roderic_octagonal_star, layout_basic
D:2:      layout_basic
D:3:      layout_basic, minmay_misc_feat_cross, chequers_garden,
          serial_bayou_crossing, uniq_natasha, uniq_sigmund, uniq_robin,
          uniq_grinder
D:4:      layout_cave_pools, nicolae_overflow_hidden_temple, serial_rivers,
          chequers_serial_rivers_micro_d, chequers_serial_rivers_marsh,
          chequers_serial_rivers_micro_b, chequers_serial_rivers_small_b,
          nicolae_houndstooth_variations, uniq_duvessa, uniq_crazy_yiuf_cottage
D:5:      layout_loops_ring, nemelex_xobeh_ov_fountains_minmay,
          jmf_multi_god_temple, minmay_statues_item, st_stairs_3,
          dreamdust_princess_corridor
D:6:      layout_layer_cave, nzn_hepliaklqana_mist_gate,
          mainiacjoe_overflow_tiny_flanked, serial_shops,
          nicolae_shop_bloodbath_and_beyond, corner_web_ring, grunt_ministairs_3
D:7:      layout_basic, mainiacjoe_overflow_surrounded_room,
          mainiacjoe_overflow_concentric_impassable, minmay_temple_entry_arrows,
          gammafunk_ghost_berserking_beasts, nicolae_elemental_shop,
          dk_vineyard_3, kennysheep_diamond, grunt_ministairs_2
D:8:      layout_cave_pods, grunt_decor_junction, minmay_sticks_and_stones
D:9:      layout_roguey, enter_bailey_2, uniq_maggie
D:10:     layout_irregular_city, mainiacjoe_overflow_alcove_2,
          yredelemnul_forgotten_temple_becter, nicolae_dithmenos_shadow_blocks,
          marbit_many_paths, nrook_campfire, kennysheep_generic_room_2,
          uniq_grum
D:11:     layout_rooms, lair_entry_dummy, hiddenorc1_lemuel, serial_shops,
          nicolae_shop_gibbet_a_chance
D:12:     layout_long_grid
D:13:     layout_gridville, uniq_jorgrun
D:14:     layout_roguey, skrybe_vaults_entry_preservation, chequers_jeans,
          serial_shops, nicolae_shop_rolled_up, uniq_frances, uniq_kirke,
          uniq_roxanne

Skill      XL: |  1  2  3  4  5  6  7  8  9 10 11 12 |
---------------+-------------------------------------+-----
Axes           | 4 5 6 8 9 10 11 | 11.7
Fighting       | 4 5 6 7 8 10 | 10.9
Armour         | 3 5 6 8 10 12 13 | 13.5
Dodging        | 3 4 5 6 7 |  7.4
Maces & Flails | 4 7 |  7.0
Stealth        | 1 |  1.3
Shields        | 2 5 6 8 |  8.3
Evocations     | 1 3 5 6 |  6.0

Action                     |  1- 3 |  4- 6 |  7- 9 | 10-12 || total
---------------------------+-------+-------+-------+-------++-------
  Melee: Hand axe          |    92 |    35 |       |       ||   127
         Headbutt          |     9 |     8 |    36 |    93 ||   146
         Punch             |     2 |       |     2 |     1 ||     5
         Broad axe         |       |     9 |    29 |       ||    38
         Mace              |       |       |   171 |   348 ||   519
  Throw: Boomerang         |       |       |       |    51 ||    51
 Invoke: Trog's Hand       |     1 |     2 |    11 |    13 ||    27
         Berserk           |     1 |       |     1 |     3 ||     5
    Use: Scroll            |       |       |    12 |    13 ||    25
 Armour: Animal skin       |    29 |       |       |       ||    29
         Ring mail         |    37 |    42 |    30 |       ||   109
         Scale mail        |       |       |    59 |       ||    59
         Plate armour      |       |       |    48 |   321 ||   369
  Dodge: Dodged            |    55 |    30 |   173 |   264 ||   522
  Block: Buckler           |       |       |       |    72 ||    72
